 Dungeon Crawl Stone Soup version 0.32-a0-18-g89e19f1974 (webtiles) character file.

Game seed: 12363242075062974200

2476 Destinykillz the Ducker (level 9, -16/88 HPs)
             Began as a Troll Chaos Knight on Jan 17, 2024.
             Was a Plaything of Xom.
             Demolished by a kobold brigand
             ... wielding a +0 short sword of distortion
              (25 damage)
             ... on level 6 of the Dungeon.
             The game lasted 00:18:42 (4844 turns).

Destinykillz the Ducker (Troll Chaos Knight)        Turns: 4844, Time: 00:18:42

Health: -16/88     AC:  6    Str: 30    XL:     9   Next: 27%
Magic:  8/8        EV: 11    Int:  7    God:    Xom [....*.]
Gold:   417        SH:  4    Dex:  8    Spells: 8/8 levels left

rFire   . .          .
                       - Unarmed
rCold   . . .        (no shield)
rNeg    . . .        a - +2 robe
rPois   .            (helmet restricted)
rElec   +            B - +0 cloak
rCorr   .            (gloves unavailable)
SInv    .            (boots unavailable)
Will    .....        (no amulet)
Stlth   +            (no ring)
HPRegen 1.14/turn    (no ring)
MPRegen 0.11/turn

%: random rage (3%)
@: lethally poisoned (-16 -> -16)
A: large, unfitting armour, claws 3, regeneration 1, shaggy fur 1, tough skin 1,
antennae 1, large bone plates 1, berserk 1, deformed body, electricity
resistance, strong 1
a: Renounce Religion


You were on level 6 of the Dungeon.
You worshipped Xom.
You were a beloved toy of Xom.
You visited 1 branch of the dungeon, and saw 6 of its levels.
You visited the Abyss 1 time.

You collected 417 gold pieces.

Inventory:

Hand Weapons
 v - the +7 short sword of Onoisk {freeze, rF++ Will-}
   (You found it on level 4 of the Dungeon)

   rF++:      It greatly protects you from fire.
   Will-:     It decreases your willpower.
Missiles
 j - 3 large rocks (quivered)
 r - a throwing net
Armour
 a - a +2 robe (worn)
 B - a +0 cloak (worn)
Wands
 q - a wand of polymorph (13)
 s - a wand of charming (16)
 t - a wand of digging (6)
 F - a wand of flame (11)
Scrolls
 b - a scroll of butterflies
 c - a scroll of fog
 e - a scroll of noise {unknown}
 k - a scroll of enchant armour {unknown}
 l - a scroll of blinking {unknown}
 m - a scroll of vulnerability
 u - a scroll of fear {unknown}
 x - a scroll of poison {unknown}
 y - 2 scrolls of immolation {unknown}
 C - a scroll of enchant weapon {unknown}
 D - a scroll of revelation {unknown}
Potions
 d - 2 potions of enlightenment
 f - 2 potions of curing
 g - a potion of magic
 h - a potion of ambrosia
 i - a potion of resistance {unknown}
 n - a potion of attraction
 o - 3 potions of lignification
 p - a potion of cancellation
 w - a potion of heal wounds
 z - a potion of might {unknown}
 A - a potion of haste {unknown}
 G - a potion of mutation


   Skills:
 + Level 5.2 Fighting
 + Level 4.8 Throwing
 * Level 6.9 Dodging
 + Level 6.3 Unarmed Combat
 - Level 0.3 Spellcasting


You had 8 spell levels left.
You didn't know any spells.
Your spell library contained the following spells:

 Spells                   Type           Power      Damage    Failure   Level
 Frozen Ramparts          Ice            0%         1d1       80%         3
 Animate Dead             Necr           0%         N/A       99%         4
 Leda's Liquefaction      Alch/Erth      0%         N/A       99%         4
 Petrify                  Alch/Erth      0%         N/A       99%         4
 Metabolic Englaciation   Hex/Ice        0%         N/A       100%        5
 Haunt                    Necr/Summ      0%         N/A       100%        7
 Infestation              Necr           0%         N/A       100%        8


Dungeon Overview and Level Annotations

Branches:
Dungeon (6/15)
 Temple: D:4-7

Altars:
Hepliaklqana
Sif Muna
Uskayaw
Wu Jian
Xom

Shops:
D:4 =(

Annotations:
D:5 3 runed translucent doors, AmazonPaysMe's ghost, amateur DrBe
D:6 hgbash's ghost, novice DsNe


Innate Abilities, Weirdness & Mutations

You are too large for most types of armour.
You have claws for hands.
Your natural rate of healing is unusually fast.
You are covered in fur. (AC +1)
You have tough skin. (AC +1)
You have a pair of small antennae on your head.
You are partially covered in large bone plates. (SH +4)
You sometimes lose your temper in combat.
Armour fits poorly on your strangely shaped body.
You are resistant to electric shocks. (rElec)
Your muscles are strong. (Str +4, Int/Dex -1)


Message History

You feel very sick.
The kobold brigand hits you with a +0 short sword of distortion!
You are cast into the Abyss!
This branch contains the abyssal rune of Zot.
Xom thinks this is hilarious! "Get back here!"
You pass through the gate.
Welcome back to the Dungeon!
Level annotation: hgbash's ghost, novice DsNe You barely miss the kobold brigand.
The kobold brigand is severely wounded.
You feel very sick.
You hear Xom's avuncular chuckle.
The kobold brigand evaporates and reforms as a boggart!
The boggart picks up a +0 short sword.
The boggart wields a +0 short sword.
You claw the kobold brigand!
The kobold brigand is almost dead.
You feel very sick.
The kobold brigand hits you with a +0 short sword of distortion.
* * * LOW HITPOINT WARNING * * *
Space warps around you.
* * * LOW HITPOINT WARNING * * *
The boggart closely misses you.
You barely miss the kobold brigand.
The kobold brigand is almost dead.
You feel sick.
The kobold brigand hits you with a +0 short sword of distortion.
* * * LOW HITPOINT WARNING * * *
Space warps horribly around you!
* * * LOW HITPOINT WARNING * * *
The boggart casts a spell.
You closely miss the kobold brigand.
The kobold brigand is almost dead.
You die... "What?
Wait, NO!"
Xom revives you!
The kobold brigand hits you but does no damage.
Space warps horribly around you!!
You die...
Xom bursts into laughter!

#.##.##....#.......<#.#
#....##....##.....#...#
##.#####...............#
...### #...~~~~.~~~~~..#
.....###...~~≈≈.~≈≈≈~..#
.##........~≈≈~.~≈≈≈~..#
...........~≈≈≈.~~~~~..#
###........~~~~.g......#
#####.......FK@~~~~.##
#....~≈~~~.~≈≈≈.#
#....~≈≈≈~.~≈≈~.# #
#....~≈≈≈~.~≈≈~.# #
#....~~~~~.~~~~.#
#######..............[#
.._..............######
.................#
..........########


You could see a kobold brigand, a bullfrog (summoned) and a boggart.

Vanquished Creatures
  Grinder (D:6)
  Sigmund (D:4)
  A wyvern (D:5)
  2 black bears
  An ogre (D:4)
  3 phantoms
  A bullfrog (D:6)
  3 kobold brigands (D:6)
  5 scorpions (D:6)
  2 howler monkeys
  An electric eel (D:6)
  A bombardier beetle (D:4)
  5 hounds
  2 jellies
  3 orc priests
  Jessica (D:3)
  4 iguanas
  2 sleepcaps
  3 orc wizards
  12 adders
  3 shadow imps
  A white imp (D:5)
  3 dart slugs
  2 ribbon worms
  12 orcs
  10 ball pythons
  8 bats
  3 endoplasms
  6 giant cockroaches
  4 goblins
  5 hobgoblins
  5 jackals
  6 frilled lizards
  5 kobolds
  4 rats
131 creatures vanquished.

Vanquished Creatures (collateral kills)
  An orc (D:5)
  3 jackals (D:5)
4 creatures vanquished.

Vanquished Creatures (others)
  An adder (D:6)
  2 bats (D:6)
3 creatures vanquished.

Grand Total: 138 creatures vanquished

Notes
Turn   | Place    | Note
-------+----------+-------------------------------------------
     0 | D:1      | Destinykillz the Troll Chaos Knight began the quest for the
                  | Orb.
     0 | D:1      | Reached XP level 1. HP: 22/22 MP: 0/0
     1 | D:1      | XOM: silly message
    92 | D:1      | Reached XP level 2. HP: 29/29 MP: 1/1
   208 | D:1      | XOM: divination: magic mapping
   238 | D:1      | XOM: divination: detect items
   261 | D:1      | XOM: divination: detect creatures
   500 | D:1      | XOM is BORED!
   510 | D:1      | XOM: divination: detect items
   674 | D:2      | Reached XP level 3. HP: 36/36 MP: 2/2
   811 | D:2      | Found a faded altar of an unknown god.
  1281 | D:2      | XOM: silly message
  1483 | D:3      | Noticed Jessica
  1489 | D:3      | Killed Jessica
  1490 | D:3      | Reached skill level 1 in Throwing
  1490 | D:3      | Reached XP level 4. HP: 44/44 MP: 3/3
  1496 | D:3      | Found a shimmering blue altar of Sif Muna.
  1561 | D:3      | Found a hazy altar of Hepliaklqana.
  1743 | D:4      | XOM: potion effect (haste)
  1774 | D:4      | Found an ornate altar of the Wu Jian Council.
  1864 | D:4      | Noticed Sigmund
  1873 | D:4      | XOM: snakes to sticks
  1921 | D:4      | Noticed an ogre
  1921 | D:4      | Found Nefreu's Jewellery Shoppe.
  1926 | D:4      | XOM: confuse monster(s)
  1983 | D:4      | Reached XP level 5. HP: 53/53 MP: 4/4
  2003 | D:3      | XOM: butterfly on damage
  2058 | D:4      | Killed an ogre
  2059 | D:4      | Reached XP level 6. HP: 46/61 MP: 5/5
  2132 | D:4      | Found a shimmering altar of Xom.
  2138 | D:4      | Found a shimmering altar of Xom.
  2140 | D:4      | XOM: enchant monster (good)
  2145 | D:4      | Found a shimmering altar of Xom.
  2153 | D:4      | Found a shimmering altar of Xom.
  2153 | D:4      | Found a shimmering altar of Xom.
  2233 | D:4      | Identified the +7 short sword of Onoisk {freeze, rF++
                  | Will-}
  2353 | D:4      | Found Suiduw's Weapon Boutique.
  2526 | D:4      | XOM: noise
  2635 | D:4      | Killed Sigmund
  2636 | D:4      | Reached XP level 7. HP: 63/68 MP: 6/6
  2823 | D:4      | XOM: give mutations
  2823 | D:4      | Gained mutation: Your body sometimes deteriorates upon
                  | taking damage. [Xom's mischief]
  2823 | D:4      | Gained mutation: You are frail. (-10% HP) [Xom's mischief]
  2823 | D:4      | Lost mutation: Your body sometimes deteriorates upon taking
                  | damage. [Xom's mischief]
  2823 | D:4      | Gained mutation: You have hidden genetic potential. [Xom's
                  | mischief]
  2829 | D:5      | Entered Level 5 of the Dungeon
  2883 | D:5      | Found a runed translucent gate.
  2894 | D:5      | Noticed a troll
  2898 | D:5      | Found a runed translucent gate.
  2907 | D:5      | Found a runed translucent gate.
  2908 | D:5      | Noticed AmazonPaysMe's ghost (amateur DrBe)
  2956 | D:5      | Noticed a wyvern
  2968 | D:5      | Killed a wyvern
  2976 | D:5      | XOM: summons 7 friendly demons
  3012 | D:5      | Reached skill level 5 in Dodging
  3020 | D:5      | Reached skill level 5 in Unarmed Combat
  3128 | D:5      | XOM is BORED!
  3128 | D:5      | XOM: give mutations
  3128 | D:5      | Lost mutation: You are frail. (-10% HP) [Xom's mischief]
  3128 | D:5      | Gained mutation: You sometimes lose your temper in combat.
                  | [Xom's mischief]
  3128 | D:5      | Gained mutation: Armour fits poorly on your strangely
                  | shaped body. [Xom's mischief]
  3325 | D:5      | Reached XP level 8. HP: 76/78 MP: 7/7
  3387 | D:5      | XOM: 1-stop teleportation journey
  3442 | D:5      | Gained mutation: You are partially covered in large bone
                  | plates. (SH +4) [hidden potential]
  3603 | D:6      | Noticed Grinder
  3678 | D:5      | XOM: give mutation
  3678 | D:5      | Gained mutation: Your health recovers twice as slowly from
                  | being drained. [Xom's mischief]
  3798 | D:6      | XOM: give mutations
  3798 | D:6      | Gained mutation: You are resistant to electric shocks.
                  | (rElec) [Xom's mischief]
  3798 | D:6      | Lost mutation: You have hidden genetic potential. [Xom's
                  | mischief]
  3798 | D:6      | Gained mutation: You are occasionally teleported next to
                  | monsters. [Xom's mischief]
  3798 | D:6      | Gained mutation: You have a pair of small horns on your
                  | head. [Xom's mischief]
  4025 | D:6      | Found a runed translucent gate.
  4026 | D:6      | Found a runed translucent gate.
  4028 | D:6      | Found a runed translucent gate.
  4028 | D:6      | Noticed hgbash's ghost (novice DsNe)
  4136 | D:6      | Found a hide-covered altar of Uskayaw.
  4218 | D:6      | XOM: silly message
  4222 | D:6      | Paralysed by Grinder for 3 turns
  4224 | D:6      | XOM: stat loss: -1 Int (7/8)
  4231 | D:6      | Killed Grinder
  4401 | D:6      | Reached XP level 9. HP: 87/87 MP: 8/8
  4402 | D:6      | Reached skill level 5 in Fighting
  4424 | D:6      | XOM: destruction
  4461 | D:6      | Found the +11 Singing Sword {sonic wave}
  4597 | D:6      | XOM: cloud trail
  4623 | D:6      | XOM: scenery: create altars
  4624 | D:6      | XOM: enchant monster (good)
  4630 | D:6      | Lost mutation: You have a pair of small horns on your head.
                  | [potion of mutation]
  4630 | D:6      | Lost mutation: Your health recovers twice as slowly from
                  | being drained. [potion of mutation]
  4630 | D:6      | Lost mutation: You are occasionally teleported next to
                  | monsters. [potion of mutation]
  4630 | D:6      | Gained mutation: Your muscles are strong. (Str +4, Int/Dex
                  | -1) [potion of mutation]
  4630 | D:6      | Gained mutation: You have a pair of small antennae on your
                  | head. [potion of mutation]
  4756 | D:6      | XOM: smoke on damage
  4776 | D:6      | XOM: 6-stop teleportation journey
  4796 | D:6      | XOM: silly message
  4804 | D:6      | XOM: cloud trail
  4840 | Abyss:1  | Cast into level 1 of the Abyss (kobold brigand)
  4840 | D:6      | Escaped the Abyss
  4840 | D:6      | XOM: revert banishment
  4841 | D:6      | XOM: polymorph kobold brigand -> boggart
  4843 | D:6      | HP: 1/88 [kobold brigand/+0 short sword of distortion (15)]
  4844 | D:6      | Xom revived you
  4844 | D:6      | Demolished by a kobold brigand

Illustrated notes

Levels and vault maps discovered:
D:1:      dpeg_arrival_water_temple_mockup, layout_basic,
          minmay_misc_feat_encased
D:2:      layout_loops_ring, ebering_ecumenical_altar_hall
D:3:      layout_rooms, mainiacjoe_overflow_cross_hatched, tgw_sif
D:4:      layout_gridville, nicolae_overflow_crystal_walls, xom_redecorated,
          roderic_serpentine_path, nicolae_stop_n_shop_2,
          kennysheep_windowed_goal, uniq_sigmund
D:5:      layout_basic, gammafunk_ghost_split, st_stairs_7
D:6:      old_forge, layout_basic, lemuel_tele_altar,
          gammafunk_ghost_nasty_kobolds, minivault_14,
          roderic_nine_men_s_morris, uniq_grinder

Skill      XL: |  1  2  3  4  5  6  7  8  9 |
---------------+----------------------------+-----
Dodging        | 2 3 4 5 6 |  6.9
Throwing       | 1 2 3 4 |  4.8
Fighting       | 3 4 5 |  5.2
Unarmed Combat | 4 5 6 |  6.3
Spellcasting   | |  0.3

Action                     |  1- 3 |  4- 6 |  7- 9 || total
---------------------------+-------+-------+-------++-------
  Melee: Unarmed           |    94 |    73 |   254 ||   421
         Punch             |     2 |     1 |     7 ||    10
         Headbutt          |       |       |    15 ||    15
  Throw: Large rock        |     1 |     3 |       ||     4
    Use: Scroll            |       |     7 |     7 ||    14
         Potion            |       |       |     3 ||     3
   Stab: Sleeping          |     1 |       |       ||     1
         Petrified         |       |       |     2 ||     2
         Held in net/web   |       |       |     1 ||     1
 Armour: Robe              |    57 |    51 |   152 ||   260
         Skin              |       |       |    10 ||    10
  Dodge: Dodged            |    35 |    31 |    99 ||   165
  Block: Other             |       |       |    12 ||    12

Table legend: (Time is in decaauts)
 A = Elapsed time spent in this place.
 B = Non-inter-level travel time spent in this place.
 C = Inter-level travel time spent in this place.
 D = Time resting spent in this place.
 E = Time spent auto-exploring this place.
 F = Levels seen in this place.
 G = Mean time per level.
                   A        B        C        D        E       F      G
               +--------+--------+--------+--------+--------+-----+--------+
         Total |   4845 |   4537 |    308 |    142 |   3254 |   7 |  692.1 |
       Dungeon |   4845 |   4537 |    308 |    142 |   3254 |   6 |  807.5 |
         Abyss |      0 |      0 |      0 |      0 |      0 |   1 |    0.0 |
               +--------+--------+--------+--------+--------+-----+--------+

Top non-repeatable levels by time:
     D:6: 1101 daAuts
     D:4: 965 daAuts
     D:5: 940 daAuts
     D:2: 662 daAuts
     D:1: 621 daAuts
     D:3: 554 daAuts
